 Dungeon Crawl Stone Soup version 0.19.3 (webtiles) character file.

36 Alarkh the Caller (level 3, -1/26 HPs)
             Began as a Ghoul Summoner on Jan 23, 2017.
             Slain by Sigmund
             ... wielding a +0 scythe
              (4 damage)
             ... on level 2 of the Dungeon.
             The game lasted 00:02:28 (1137 turns).

Alarkh the Caller (Ghoul Summoner)                  Turns: 1137, Time: 00:02:29

Health: -1/26      AC:  2    Str: 11    XL:     3   Next: 37%
Magic:  0/5        EV: 12    Int: 11    God:
Gold:   54         SH:  0    Dex:  9    Spells: 2 memorised, 2 levels left

rFire  . . .     SeeInvis .     e - +0 dagger
rCold  + . .     Gourm    .     a - +0 robe
rNeg   + + +     Faith    .     (no shield)
rPois  ∞         Spirit   .     (no helmet)
rElec  .         Reflect  .     (no cloak)
rCorr  .         Harm     .     (no gloves)
MR     .....                    (no boots)
Stlth  ++........               (no amulet)
                                (no ring)
                                (no ring)

@: rotting
A: rotting body, claws 1, carnivore 3, cold resistance 1, negative energy
resistance 3, slow regeneration 1, torment resistance, unbreathing
a: no special abilities


You were on level 2 of the Dungeon.
You were not hungry.

You visited 1 branch of the dungeon, and saw 2 of its levels.

You collected 54 gold pieces.

Inventory:

Hand Weapons
 e - a +0 dagger (weapon)
Armour
 a - a +0 robe (worn)
Scrolls
 f - a scroll of noise {unknown}
 g - a scroll of enchant weapon {unknown}
 h - a scroll of remove curse {unknown}
Potions
 i - a potion of lignification {unknown}
 j - a potion of degeneration {unknown}
Books
 b - a book of Callings

   Spells                             Type                      Level
   a - Summon Small Mammal            Summoning                    1
   b - Call Imp                       Summoning                    2
   c - Call Canine Familiar           Summoning                    3
   d - Summon Guardian Golem          Hexes/Summoning              3
   e - Summon Lightning Spire         Summoning/Air                4
   f - Summon Ice Beast               Ice/Summoning                4
Comestibles
 c - 2 meat rations
 d - 2 chunks of flesh


   Skills:
 - Level 1.7 Dodging
 - Level 2.1 Stealth
 + Level 2.3 Spellcasting
 + Level 4.3 Summonings


You had 2 spell levels left.
You knew the following spells:

 Your Spells              Type           Power        Failure   Level  Hunger
a - Call Canine Familiar  Summ           ##......     17%         3    ####...
b - Summon Small Mammal   Summ           ##..         6%          1    ##.....


Dungeon Overview and Level Annotations

Branches:
Dungeon (2/15)

Altars:

Annotations:
D:2 Sigmund


Innate Abilities, Weirdness & Mutations

Your body is rotting away.
You thrive on raw meat.
You are immune to poison.
You have sharp fingernails.
You are carnivorous and can eat meat at any time.
Your flesh is cold resistant. (rC+)
You are immune to negative energy. (rN+++)
You regenerate slowly when monsters are visible.
You are immune to unholy pain and torment.
You can survive without breathing.


Message History

You hear some strange, mumbled words.
A puff of flame appears from out of thin air!
The puff of flame hits your hound.
Your hound bites something.
Your hound misses something.
A magic dart appears from out of thin air!
The magic dart hits your hound.
Your hound bites something.
Something hits you.
* * * LOW HITPOINT WARNING * * *
Your hound barely misses something.
Your hound closely misses something.
You see here a scroll labeled CUUPRILAUPS.
Your hound barely misses something.
A magic dart appears from out of thin air!
The magic dart hits your hound.
Your hound dies!
Your hound's corpse disappears in a puff of smoke!
Casting: Call Canine Familiar
Confirm with . or Enter, or press ? or * to list all spells.
Something hits you.
You die...

##.# #... #..# #
#. #..# #. #. #..#
#.# #. #..# .{. #.
#h.## ###.###.####
#.@.# #.....#.....
##..# #.# #.##...#
#{.# #.# #.......
#..# #.###.##..÷#
#..# #.....#####.
#..####..#..# ##
#.....{.###.# #
#.####...#..######
#.............(...


You could see a friendly hound.

Vanquished Creatures
  A ball python (D:1)
  3 bats (D:1)
  A giant cockroach (D:1)
  2 goblins (D:1)
  2 hobgoblins (D:1)
  3 frilled lizards (D:1)
  3 kobolds (D:1)
  2 rats (D:1)
17 creatures vanquished.

Vanquished Creatures (collateral kills)
  An adder (D:2)
  A dart slug (D:1)
  3 leopard geckos
  2 goblins (D:1)
  4 kobolds (D:1)
  A bat (D:2)
  2 rats (D:1)
14 creatures vanquished.

Grand Total: 31 creatures vanquished

Notes
Turn   | Place    | Note
-------+----------+-------------------------------------------
     0 | D:1      | Alarkh the Ghoul Summoner began the quest for the Orb.
     0 | D:1      | Reached XP level 1. HP: 14/14 MP: 2/2
   173 | D:1      | Reached XP level 2. HP: 11/20 MP: 0/3
   455 | D:1      | Reached skill level 4 in Summonings
   628 | D:1      | Reached XP level 3. HP: 23/26 MP: 2/5
   943 | D:1      | Learned a level 3 spell: Call Canine Familiar
  1104 | D:2      | Noticed Sigmund
  1137 | D:2      | Slain by Sigmund

Skill      XL: |  1  2 |
---------------+-------+-----
Spellcasting   | 2 |  2.3
Summonings     | 4 |  4.3
Dodging        | |  1.7
Stealth        | |  2.1

Action                   || total
-------------------------++-------
Melee: Dagger            ||    91
       Unarmed           ||     6
 Cast: Summon Small Mamm ||    38
       Call Canine Famil ||     4
  Eat: Chunk             ||    10
Armor: Robe              ||    32
Dodge: Dodged            ||    68
